 Dungeon Crawl Stone Soup version 0.30.0-20-g3615ddf2f0 (webtiles) character file.

Game seed: 18217702344086357659

2349 qw the Cleaver (level 9, -3/57 HPs)
             Began as a Gargoyle Fighter on June 1, 2023.
             Slain by a killer bee (7 damage)
             ... on level 6 of the Dungeon.
             The game lasted 00:02:30 (4604 turns).

qw the Cleaver (Gargoyle Fighter)                   Turns: 4604, Time: 00:02:31

Health: -3/57      AC: 20    Str: 25    XL:     9   Next: 43%
Magic:  9/9        EV:  8    Int:  8    God:
Gold:   345        SH:  4    Dex:  9    Spells: 8/8 levels left

rFire   + . .        e - +4 war axe of the Lettuce {heavy, rC+ rN++}
rCold   + . .        c - +0 buckler
rNeg    + + +        s - +2 chain mail {rF+}
rPois   inf          q - +0 helmet
rElec   +            (no cloak)
rCorr   .            k - +0 pair of gloves
SInv    .            (no boots)
Will    .....        p - amulet of faith Stlth
                     (no ring)
HPRegen 0.29/turn    (no ring)
MPRegen 0.11/turn

%: faith
@: no status effects
A: sickness immunity, AC +6, negative energy resistance 1, electricity
resistance, torment resistance 1, petrification resistance
a: no special abilities


You were on level 6 of the Dungeon.
You visited 1 branch of the dungeon, and saw 6 of its levels.

You collected 345 gold pieces.


Innate Abilities, Weirdness & Mutations

You are immune to sickness and miasma.
Your stone body is resilient. (AC +6)
You are immune to poison.
You resist negative energy. (rN+)
You are resistant to electric shocks. (rElec)
You are resistant to unholy torment.
You are immune to petrification.


   Skills:
 - Level 7.0 Fighting
 + Level 9.0 Axes
 - Level 2.3 Throwing
 - Level 5.1 Armour
 - Level 1.2 Dodging
 - Level 4.0 Shields


You had 8 spell levels left.
You didn't know any spells.
Your spell library was empty.

Inventory:

Hand Weapons
 e - the +4 war axe of the Lettuce (weapon) {heavy, rC+ rN++}
   (You acquired it on level 2 of the Dungeon)

   rC:        It protects you from cold.
   rN:        It greatly protects you from negative energy.
 f - a +0 morningstar
Missiles
 l - 2 javelins (quivered)
Armour
 c - a +0 buckler (worn)
 i - a +0 pair of boots
 k - a +0 pair of gloves (worn)
 q - a +0 helmet (worn)
 s - a +2 chain mail of fire resistance (worn)
Jewellery
 p - an amulet of faith (around neck)
Scrolls
 h - a scroll of blinking {unknown}
 o - a scroll of identify
Potions
 a - a potion of resistance
 b - a potion of haste {unknown}
 d - a potion of might
 g - a potion of attraction {unknown}
 j - a potion of lignification {unknown}
 m - a potion of curing
 n - a potion of mutation {unknown}
 r - a potion of invisibility {unknown}

Dungeon Overview and Level Annotations

Branches:
Dungeon (6/15)
 Temple: D:4-7

Altars:
Elyvilon
Fedhas
Gozag
Nemelex Xobeh
Sif Muna
Trog
Uskayaw
Zin

Annotations:
D:3 4 runed translucent doors, Crazy Yiuf; qw's ghost, amateur GrFi


Message History

You completely miss the killer bee.
The killer bee is heavily wounded.
You barely miss the phantom. The killer bee stings you.
You block the killer bee's attack. The phantom hits you.
The phantom blinks!
You blink.
Found 17 gold pieces.
Enter note:
Enter note:
Enter note:
Enter note:
Enter note:
Enter note:
Enter note:
Enter note:
Enter note:
Enter note: You miss the phantom.
The phantom hits you but does no damage.
The phantom hits you.
The phantom blinks!
You blink.
You slash the phantom!
The phantom is heavily damaged.
The phantom hits you.
The phantom blinks!
You blink.
The killer bee stings you but does no damage.
You hit the killer bee.
The killer bee is severely wounded.
You barely miss the phantom.
The killer bee stings you but does no damage.
The killer bee closely misses you. The phantom barely misses you.
The killer bee stings you but does no damage.
The phantom hits you but does no damage.
You barely miss the killer bee.
The killer bee is severely wounded.
You slice the phantom!!
You destroy the phantom!
The killer bee stings you.
The killer bee stings you but does no damage. x3
Your Armour skill increases to level 5!
You hit the killer bee.
The killer bee is almost dead.
The killer bee stings you!
You die...

#..###....}....###
##.#.............#
...#.>...###...>.#
...#...#######...#
#..#####..##.#######
##.........#.......#
#...........#(#%..# #
#..#.###......##y## .#
###.####.(......@.##..##
##?..................$.#
###...##....####.#.(...#
###.####...##.####.#......
..#.# ##..........#......
<...# ###..##.###....#....
....###.....#..##....#.###
###..##.....#.##........
#..##.......#........ .


You could see a killer bee.

Vanquished Creatures
  Edmund (D:4)
  Duvessa (D:4)
  A water moccasin (D:5)
  Pargi (D:4)
  A black bear (D:5)
  An ice beast (D:6)
  A centaur (D:6)
  3 phantoms (D:6)
  2 bullfrogs (D:6)
  6 scorpions
  Dowan (D:4)
  5 killer bees (D:6)
  3 jellies
  2 hounds (D:6)
  2 orc priests (D:5)
  2 iguanas (D:6)
  3 sleepcaps
  5 orc wizards (D:5)
  Robin (D:2)
  3 gnolls (D:3)
  15 adders
  An ufetubus (D:4)
  2 dart slugs
  2 worms
  2 orcs (D:5)
  3 bats
  5 endoplasms
  4 giant cockroaches
  9 hobgoblins
  9 kobolds
  4 quokkas
  8 ball pythons
  2 frilled lizards (D:1)
  10 goblins
  5 rats
126 creatures vanquished.

Notes
Turn   | Place    | Note
-------+----------+-------------------------------------------
     0 | D:1      | qw the Gargoyle Fighter began the quest for the Orb.
     0 | D:1      | Reached XP level 1. HP: 14/14 MP: 1/1
     0 | D:1      | 0 ||| qw: Version: 0.2-a-102-gdf20003
     0 | D:1      | 0 ||| qw: Game counter: 721
     0 | D:1      | 0 ||| qw: Always use a shield: true
     0 | D:1      | 0 ||| qw: God list: Okawaru
     0 | D:1      | 0 ||| qw: Allow faded altars: false
     0 | D:1      | 0 ||| qw: Do Orc after D:15 true
     0 | D:1      | 0 ||| qw: Do second Lair branch before Depths: true
     0 | D:1      | 0 ||| qw: Lair rune preference: random
     0 | D:1      | 0 ||| qw: Plans: Normal, Zot:1-4, Slime:5, God:TSO, Crypt,
                  | Tomb, Pan, Hells, Abyss, Win
     0 | D:1      | 0 ||| PLANNING D:1-11
    54 | D:1      | Reached skill level 2 in Axes
   118 | D:1      | Reached XP level 2. HP: 19/19 MP: 2/2
   193 | D:1      | 193 ||| Stepping ~*~*~tactically~*~*~ (hiding).
   337 | D:1      | Reached skill level 3 in Axes
   478 | D:1      | 478 ||| READING scroll labelled ZIPHOA SAENWI.
   479 | D:1      | 479 ||| READING scroll labelled CITRAA URPHUVYD.
   626 | D:2      | Reached XP level 3. HP: 23/23 MP: 3/3
   886 | D:2      | 886 ||| Stepping ~*~*~tactically~*~*~ (stealth).
   989 | D:2      | Found a faded altar of an unknown god.
  1160 | D:2      | 1160 ||| Stepping ~*~*~tactically~*~*~ (stealth).
  1164 | D:2      | 1164 ||| Stepping ~*~*~tactically~*~*~ (stealth).
  1171 | D:2      | Noticed Robin
  1177 | D:2      | Killed Robin
  1178 | D:2      | Reached XP level 4. HP: 26/28 MP: 4/4
  1181 | D:2      | Reached skill level 4 in Axes
  1523 | D:2      | 1523 ||| UPGRADING to +1 hat.
  1528 | D:2      | 1528 ||| UPGRADING to +0 helmet.
  1538 | D:2      | 1538 ||| DROPPING +1 hat.
  1539 | D:2      | 1539 ||| UPGRADING to amulet of faith.
  1544 | D:2      | 1544 ||| READING scroll labelled MUHUXK RINWI.
  1545 | D:2      | 1545 ||| READING scroll labelled XITZE NYRCHAE.
  1545 | D:2      | Identified a scroll of acquirement
  1545 | D:2      | 1545 ||| ACQUIRING +4 war axe of the Lettuce {heavy, rC+
                  | rN++}
  1545 | D:2      | Acquired the +4 war axe of the Lettuce {heavy, rC+ rN++}
  1547 | D:2      | 1547 ||| SWAPPING to +4 war axe of the Lettuce {heavy, rC+
                  | rN++}.
  1548 | D:2      | 1548 ||| DROPPING +0 war axe.
  1549 | D:2      | 1549 ||| READING scroll labelled NAOBUX YXOO.
  1552 | D:2      | 1552 ||| READING scroll labelled LEUDEO FOCEO.
  1553 | D:2      | 1553 ||| READING scroll labelled UMANWU BAAJI.
  1554 | D:2      | 1554 ||| READING scroll labelled ZOMIUL ZOINTA.
  1555 | D:2      | 1555 ||| READING scroll labelled HOROLL SUSMEAVEE.
  1641 | D:3      | Noticed a +0 falchion
  1641 | D:3      | Noticed a +0 spear
  1641 | D:3      | Noticed a +0 dagger
  1641 | D:3      | Noticed a +0 short sword
  1641 | D:3      | Noticed a +0 spear
  1641 | D:3      | Noticed a +0 short sword
  1642 | D:3      | Noticed a +0 falchion
  1642 | D:3      | Noticed a +0 dagger
  1659 | D:3      | Found a hide-covered altar of Uskayaw.
  1744 | D:3      | Found a runed translucent gate.
  1751 | D:3      | Reached XP level 5. HP: 32/32 MP: 5/5
  1751 | D:3      | Found a runed translucent gate.
  1751 | D:3      | Found a runed translucent gate.
  1752 | D:3      | Found an opulent altar of Gozag.
  1752 | D:3      | Noticed qw's ghost (amateur GrFi)
  1903 | D:3      | Reached skill level 5 in Axes
  2031 | D:3      | Found a runed translucent door.
  2032 | D:3      | Noticed Crazy Yiuf
  2148 | D:3      | 2148 ||| UPGRADING to +0 chain mail.
  2158 | D:3      | 2158 ||| DROPPING +0 scale mail.
  2159 | D:3      | 2159 ||| READING scroll labelled ZEOCSUMP CUFRE.
  2160 | D:3      | 2160 ||| DRINKING 2 sapphire potions.
  2194 | D:4      | Reached XP level 6. HP: 30/39 MP: 6/6
  2232 | D:4      | Found a bloodstained altar of Trog.
  2233 | D:4      | Noticed Pargi
  2238 | D:4      | Killed Pargi
  2253 | D:4      | Noticed Duvessa
  2254 | D:4      | Noticed Dowan
  2276 | D:4      | Killed Duvessa
  2277 | D:4      | Reached skill level 6 in Axes
  2277 | D:4      | Reached XP level 7. HP: 33/44 MP: 7/7
  2278 | D:4      | Killed Dowan
  2279 | D:4      | Reached skill level 1 in Dodging
  2439 | D:4      | You fall into a shaft and drop 2 floors!
  2493 | D:6      | 2493 ||| UPGRADING to +0 pair of gloves.
  2498 | D:6      | 2498 ||| DROPPING ring of flight.
  2499 | D:6      | 2499 ||| READING 2 scrolls of identify.
  2499 | D:6      | 2499 ||| IDENTIFYING pink potion
  2508 | D:5      | Entered Level 5 of the Dungeon
  2527 | D:5      | Found a shimmering blue altar of Sif Muna.
  2558 | D:5      | 2558 ||| READING scroll labelled FOORE FEUXALUI.
  2570 | D:5      | Reached skill level 7 in Axes
  2572 | D:5      | HP: 5/44 [orc priest/divine providence (15)]
  2732 | D:4      | 2732 ||| Stepping ~*~*~tactically~*~*~ (stealth).
  2850 | D:4      | Noticed Edmund
  2856 | D:4      | Killed Edmund
  2857 | D:4      | Reached XP level 8. HP: 32/51 MP: 8/8
  2935 | D:4      | 2935 ||| DROPPING +2 whip of freezing.
  3131 | D:4      | 3131 ||| UPGRADING to +2 chain mail of fire resistance.
  3141 | D:4      | 3141 ||| DROPPING +0 chain mail.
  3142 | D:4      | 3142 ||| DRINKING 2 fizzy sapphire potions.
  3143 | D:4      | 3143 ||| DROPPING potion of flight.
  3176 | D:5      | 3176 ||| DROPPING +4 flail of protection.
  3214 | D:5      | 3214 ||| Stepping ~*~*~tactically~*~*~ (stealth).
  3341 | D:5      | Reached skill level 8 in Axes
  3371 | D:5      | Found a sparkling altar of Nemelex Xobeh.
  3374 | D:5      | Found a white marble altar of Elyvilon.
  3375 | D:5      | 3375 ||| DRINKING 2 metallic coppery potions.
  3715 | D:5      | 3715 ||| DRINKING 2 potions of curing.
  3715 | D:5      | 3715 ||| (to cure confusion)
  3720 | D:5      | Reached skill level 6 in Fighting
  3951 | D:5      | 3951 ||| Stepping ~*~*~tactically~*~*~ (hiding).
  3953 | D:5      | 3953 ||| DRINKING 2 amethyst potions.
  3954 | D:5      | 3954 ||| DRINKING potion of curing.
  3954 | D:5      | 3954 ||| (to cure confusion)
  4020 | D:5      | 4020 ||| DROPPING potion of brilliance.
  4021 | D:5      | 4021 ||| DROPPING potion of degeneration.
  4086 | D:6      | Found a blossoming altar of Fedhas.
  4163 | D:6      | Reached XP level 9. HP: 47/55 MP: 9/9
  4203 | D:6      | Reached skill level 9 in Axes
  4232 | D:6      | Reached skill level 1 in Throwing
  4240 | D:6      | 4240 ||| Stepping ~*~*~tactically~*~*~ (stealth).
  4316 | D:6      | Found a glowing silver altar of Zin.
  4599 | D:6      | HP: 12/57 [phantom (4)]
  4603 | D:6      | HP: 3/57 [killer bee (4)]
  4604 | D:6      | Slain by a killer bee

Levels and vault maps discovered:
D:1:      scummos_arrival_forest, layout_rooms, grunt_decor_one_mirror,
          hangedman_decor_growths
D:2:      layout_basic, hellmonk_ecumenical_altar_lost_god,
          hangedman_abyss_or_decor_stabs, uniq_robin
D:3:      layout_basic, nicolae_uskayaw_en_pointe, ebering_ghost_gozag,
          uniq_crazy_yiuf_cottage
D:4:      layout_basic, general_overflow_altar, uniq_duvessa, uniq_edmund,
          uniq_pargi
D:5:      layout_basic, lemuel_round_altar, nicolae_overflow_squiral,
          minmay_a_box_with_orc_wizards_in_it
D:6:      layout_cave_pools, fedhas_altar_4, zin_statuary, minivault_11,
          grunt_ministairs_12, nrook_loot_triangle, minmay_holes,
          serial_bayou_ford_a, kennysheep_generic_room_9

Skill      XL: |  1  2  3  4  5  6  7  8  9 |
---------------+----------------------------+-----
Axes           | 2 3 4 5 6 7 8 9 |  9.0
Fighting       | 4 5 6 7 |  7.0
Dodging        | 1 |  1.2
Armour         | 4 5 |  5.1
Throwing       | 2 |  2.3
Shields        | 4 |  4.0

Action                     |  1- 3 |  4- 6 |  7- 9 || total
---------------------------+-------+-------+-------++-------
  Melee: War axe           |   112 |    56 |   154 ||   322
         Unarmed           |       |    18 |     2 ||    20
  Throw: Javelin           |       |       |    13 ||    13
    Use: Scroll            |     2 |     8 |     2 ||    12
         Potion            |       |     1 |     5 ||     6
   Stab: Confused          |       |     1 |       ||     1
 Armour: Scale mail        |    57 |    34 |       ||    91
         Chain mail        |       |     9 |   160 ||   169
         Skin              |       |    14 |       ||    14
  Dodge: Dodged            |    45 |    47 |    89 ||   181
  Block: Buckler           |    22 |    11 |    37 ||    70

Table legend:
 A = Non-vault XP
 B = Vault XP
 C = Vault XP percentage of total XP
 D = Non-vault monster count
 E = Vault monster count
 F = Vault count percentage of total count
                 A         B        C        D         E       F
            +---------+---------+-------+---------+---------+-------
      Total |    2590 |     766 |  22.8 |     104 |      22 |  17.5
            +---------+---------+-------+---------+---------+-------
        D:1 |      31 |       0 |   0.0 |      19 |       0 |   0.0
        D:2 |      48 |      35 |  42.2 |      14 |      12 |  46.2
        D:3 |     136 |       0 |   0.0 |      17 |       0 |   0.0
        D:4 |     221 |     516 |  70.0 |      19 |       4 |  17.4
        D:5 |     868 |     142 |  14.1 |      16 |       4 |  20.0
        D:6 |    1286 |      73 |   5.4 |      19 |       2 |   9.5
            +---------+---------+-------+---------+---------+-------
